 Dungeon Crawl Stone Soup version 0.31-a0-161-gb58dd9be76 (webtiles) character file.

Game seed: 11106045890609053637

262 kae the Changer (level 5, 0/40 HPs)
             Began as a Draconian Transmuter on June 12, 2023.
             Slain by a scorpion (6 damage)
             ... on level 4 of the Dungeon.
             The game lasted 00:03:11 (2823 turns).

kae the Changer (Draconian Transmuter)              Turns: 2823, Time: 00:03:12

Health: 0/40       AC:  2    Str: 12    XL:     5   Next: 97%
Magic:  0/10       EV: 19    Int: 21    God:
Gold:   159        SH:  0    Dex: 17    Spells: 0/10 levels left

rFire   . .          .
                       - Unarmed
rCold   . . .        (shield currently unavailable)
rNeg    . . .        (body armour unavailable)
rPois   x            (helmet currently unavailable)
rElec   .            d - melded +1 cloak
rCorr   .            (gloves currently unavailable)
SInv    .            (boots currently unavailable)
Will    .....        (no amulet)
Stlth   ++           I - +6 ring of intelligence
HPRegen 0.26/turn    (no ring)
MPRegen 0.12/turn

%: no passive effects
@: lethally poisoned (0 -> -15), spider-form, very slightly contaminated
A: venomous fangs, AC +5, tiny, unfitting armour, (cold-blooded)
a: End Transformation


You were on level 4 of the Dungeon.
You were a venomous arachnid creature.
You visited 2 branches of the dungeon, and saw 5 of its levels.

You collected 159 gold pieces.


Innate Abilities, Weirdness & Mutations

You are a venomous arachnid creature.
You have venomous fangs.
You are tiny and dextrous.
Your spellcasting is less reliable in this form.
Your armour is entirely melded.
You are incapable of wielding weapons or throwing items.
((Your plain brown scales are hard. (AC +5)))
You cannot fit into any form of body armour.
((You are cold-blooded and may be slowed by cold attacks.))


   Skills:
 + Level 1.4 Fighting
 - Level 1.7 Dodging
 - Level 3.0 Unarmed Combat
 + Level 3.3 Spellcasting
 * Level 4.6 Transmutations
 * Level 1.1 Ice Magic
 - Level 2.0 Poison Magic


You couldn't memorise any spells.
You knew the following spells:

 Your Spells              Type           Power      Damage    Failure   Level
a - Beastly Appendage     Tmut           46%        N/A       8%          1
b - Wereblood             Tmut           23%        N/A       10%         2
c - Spider Form           Tmut/Pois      17%        N/A       24%         3
d - Ice Form              Ice/Tmut       15%        N/A       58%         4

Your spell library contained the following spells:

 Spells                   Type           Power      Damage    Failure   Level
 Lesser Beckoning         Tloc           6%         N/A       38%         2
 Frozen Ramparts          Ice            16%        1d3       45%         3
 Gell's Gravitas          Tloc           3%         N/A       58%         3
 Teleport Other           Tloc           3%         N/A       58%         3
 Summon Ice Beast         Ice/Summ       5%         N/A       87%         4

Inventory:

Missiles
 f - 2 poisoned darts
 k - 20 stones
 n - 8 boomerangs
Armour
 d - a +1 cloak (melded)
   (You found it on level 1 of the Dungeon)
Magical Staves
 g - a staff of death {!a}
   (You found it on level 2 of the Dungeon)
Jewellery
 I - a +6 ring of intelligence (left front pincers)
   (You found it on level 1 of the Dungeon)
Scrolls
 e - a scroll of enchant weapon
Potions
 a - a potion of lignification {!q}
 b - a potion of curing {@q1}
 c - a potion of magic
 h - a potion of enlightenment {unknown}
 l - a potion of berserk rage {unknown}
 m - a potion of brilliance

Dungeon Overview and Level Annotations

Branches:
Dungeon (4/15) Zot: 21211  Temple (1/1) D:4 Zot: 5949

Altars:
Ashenzari
Cheibriados
Elyvilon
Fedhas
Gozag
Hepliaklqana
Kikubaaqudgha
Makhleb
Okawaru
Qazlal
Sif Muna
Uskayaw
Vehumet
Wu Jian
Yredelemnul

Shops:
D:2

[ # #. _.≈. #. #. .≈.
#<######.## ..≈♣##
#.... ...# ≈. ...##...
..#### .♣
#.#...#####....# ♣.
#...#.ss.##....###
#.####...#..........#
#.<......).#...........
#.#.###.##..........##.
#.#..##.###.......###
#.......# ###.....#
#..§§§..# #...###
#..§§§..# #.....
#...§...# #.....#


You could see a scorpion.


Message History

You hit Blork the orc.
Blork the orc looks as sick as possible!
An endoplasm comes into view.
Blork the orc casts a spell at you. The puff of flame misses you.
Unknown command.
You hit Blork the orc.
You kill Blork the orc!
Your Ice Magic skill increases to level 1! 😮 HP[+1]
You hit the hobgoblin. The hobgoblin misses you.
Unknown command.
You hit the hobgoblin.
The hobgoblin is poisoned.
The hobgoblin completely misses you.
Unknown command.
You hit the hobgoblin.
You kill the hobgoblin! 😮 MP[+1]
Items here: ) [ ††. 😮 HP[+1] Unknown command.
You bite the endoplasm!
You kill the endoplasm!
No target in view!
No target in view!
No target in view!
No target in view!
Unknown command.
Your transformation has ended.
Your +1 cloak unmelds from your body.
Unknown command.
A scorpion comes into view. 😎 HP[+11] MP[+3]
Your hp is fully restored (40).
Your mp is fully restored (10).
A scorpion is nearby!
Unknown command.
A scorpion is nearby!
A scorpion is nearby!
Casting: Spider Form (dangerous; 10% risk of failure)
Confirm with . or Enter, or press ? or * to list all spells.
The spell is extremely dangerous to miscast (36% risk of failure)!
Continue anyway? [Y]es or [N]o only, please.
The spell is extremely dangerous to miscast (36% risk of failure)!
Continue anyway?
You miscast Ice Form.
You are very lightly contaminated with residual magic.
You feel extremely cold! 😕 HP[-9] MP[-4]
You take 9 damage, and now have 31/40 hp.
MASSIVE DAMAGE!! (PAUSE)
You lost 4 mp, and now have 6/10 mp.
Casting: Ice Form (extremely dangerous; 36% risk of failure)
Confirm with . or Enter, or press ? or * to list all spells.
The spell is extremely dangerous to miscast (36% risk of failure)!
Continue anyway? [Y]es or [N]o only, please.
The spell is extremely dangerous to miscast (36% risk of failure)!
Continue anyway? [Y]es or [N]o only, please.
The spell is extremely dangerous to miscast (36% risk of failure)!
Continue anyway?
Okay, then.
Casting: Ice Form (extremely dangerous; 36% risk of failure)
Confirm with . or Enter, or press ? or * to list all spells.
The spell is extremely dangerous to miscast (36% risk of failure)!
Continue anyway? [Y]es or [N]o only, please.
The spell is extremely dangerous to miscast (36% risk of failure)!
Continue anyway?
You miscast Ice Form.
Your hands feel numb with cold!
* * * LOW HITPOINT WARNING * * *
😨 HP[-11] MP[-4]
You take 11 damage, and now have 20/40 hp.
MASSIVE DAMAGE!! (PAUSE)
You lost 4 mp, and now have 2/10 mp.
Casting: Ice Form (extremely dangerous; 36% risk of failure)
Confirm with . or Enter, or press ? or * to list all spells.
You don't have enough magic to cast this spell.
Okay, then.
You aren't carrying any items that you can evoke.
Unknown command.
Okay, then.
Casting: Ice Form (extremely dangerous; 36% risk of failure)
Confirm with . or Enter, or press ? or * to list all spells.
You don't have enough magic to cast this spell.
Casting: Ice Form (extremely dangerous; 36% risk of failure)
Confirm with . or Enter, or press ? or * to list all spells.
You don't have enough magic to cast this spell. 😮 HP[+1] 😮 MP[+1]
Casting: Ice Form (extremely dangerous; 36% risk of failure)
Confirm with . or Enter, or press ? or * to list all spells.
You turn into a venomous arachnid creature.
Your +1 cloak melds into your body.
The scorpion stings you.
* * * LOW HITPOINT WARNING * * *
You are lethally poisoned!
The scorpion poisons you!
* * * LOW HITPOINT WARNING * * *
You feel very sick. The scorpion misses you.
You hit the scorpion.
* * * LOW HITPOINT WARNING * * *
You feel very sick. The scorpion stings you.
You die...

Skill      XL: |  1  2  3  4  5 |
---------------+----------------+-----
Transmutations | 3 4 |  4.6
Poison Magic   | 1 2 |  2.0
Spellcasting   | 3 |  3.3
Ice Magic      | 1 |  1.1
Fighting       | |  1.4
Dodging        | |  1.7
Unarmed Combat | |  3.0

Action                     |  1- 3 |  4- 6 || total
---------------------------+-------+-------++-------
  Melee: Unarmed           |   147 |    74 ||   221
         Tailslap          |    14 |     2 ||    16
         Kick              |    15 |     7 ||    22
         Headbutt          |    13 |     3 ||    16
         Punch             |     2 |       ||     2
   Cast: Beastly Appendage |    31 |     8 ||    39
         Spider Form       |     1 |     5 ||     6
         Wereblood         |     1 |     1 ||     2
    Use: Scroll            |     1 |     5 ||     6
   Stab: Sleeping          |       |     1 ||     1
 Armour: Skin              |    43 |    12 ||    55
  Dodge: Dodged            |   109 |    39 ||   148

Levels and vault maps discovered:
D:1:      dpeg_arrival_round_c, layout_loops_corners,
          dreamdust_ecumenical_altar_statues, serial_rivers,
          chequers_serial_rivers_small_a, chequers_serial_rivers_micro_a,
          chequers_serial_rivers_micro_d, chequers_serial_rivers_micro_c
D:2:      layout_basic, basic_altar, serial_rivers,
          chequers_serial_rivers_micro_a, chequers_serial_rivers_small_3,
          chequers_serial_rivers_room_b, chequers_serial_rivers_small_3,
          chequers_serial_rivers_micro_c, serial_shops, nicolae_diamond_shop,
          minmay_misc_feat_cross
D:3:      layout_loops_ring, pdpol_wu_jian_five_deadly_venoms
D:4:      layout_loops_ring, doesnt_xom_only_xom, mainiacjoe_overflow_paths,
          minmay_temple_entry_purple_smoke, minmay_tree_intersection,
          uniq_blork_the_orc
Temple:   nicolae_temple_ecumenical_triangle

Notes
Turn   | Place    | Note
-------+----------+-------------------------------------------
     0 | D:1      | kae the Draconian Transmuter began the quest for the Orb.
     0 | D:1      | Reached XP level 1. HP: 16/16 MP: 3/3
     0 | D:1      | magus.rc [v1.11.3]
   381 | D:1      | Reached XP level 2. HP: 23/23 MP: 5/5
   438 | D:1      | Found a faded altar of an unknown god.
   825 | D:1      | Reached skill level 3 in Transmutations
  1014 | D:2      | Found Huhaffur's Antique Armour Shoppe.
  1045 | D:2      | Reached XP level 3. HP: 28/28 MP: 3/6
  1052 | D:2      | Learned a level 2 spell: Wereblood
  1056 | D:2      | Learned a level 3 spell: Spider Form
  1180 | D:2      | You pick up a book of Displacement and begin reading...
  1180 | D:2      | You add the spells Lesser Beckoning, Gell's Gravitas and
                  | Teleport Other to your library.
  1310 | D:2      | Found an ornate altar of the Wu Jian Council.
  1656 | D:3      | Reached skill level 1 in Poison Magic
  1908 | D:3      | Reached XP level 4. HP: 35/35 MP: 2/8
  2010 | D:3      | Found an ornate altar of the Wu Jian Council.
  2113 | D:3      | Reached skill level 3 in Spellcasting
  2113 | D:3      | Reached skill level 4 in Transmutations
  2113 | D:3      | Reached skill level 2 in Poison Magic
  2113 | D:3      | Reached XP level 5. HP: 16/40 MP: 3/9
  2236 | D:3      | You pick up a book of Rime and begin reading...
  2236 | D:3      | You add the spells Frozen Ramparts and Summon Ice Beast to
                  | your library.
  2256 | D:3      | Identified the +1 pair of boots "Mouf" {-Tele rElec rF+
                  | Regen+}
  2631 | D:3      | Learned a level 4 spell: Ice Form
  2674 | D:4      | Found a staircase to the Ecumenical Temple.
  2674 | D:4      | Found a burning altar of Makhleb.
  2687 | Temple   | Entered the Ecumenical Temple
  2752 | D:4      | Noticed Blork the orc
  2759 | D:4      | Killed Blork the orc
  2760 | D:4      | Reached skill level 1 in Ice Magic
  2822 | D:4      | HP: 10/40 [poisoned by a scorpion]
  2823 | D:4      | Slain by a scorpion

Vanquished Creatures
  Blork the orc (D:4)
  2 orc wizards (D:3)
  4 gnolls (D:3)
  An adder (D:3)
  An ufetubus (D:3)
  2 dart slugs (D:3)
  8 orcs (D:3)
  8 bats
  10 endoplasms
  4 giant cockroaches
  7 goblins
  9 hobgoblins
  2 quokkas (D:1)
  6 ball pythons
  8 frilled lizards
  2 kobolds
  5 rats
80 creatures vanquished.

Table legend:
 A = Non-vault XP
 B = Vault XP
 C = Vault XP percentage of total XP
 D = Non-vault monster count
 E = Vault monster count
 F = Vault count percentage of total count
                 A         B        C        D         E       F
            +---------+---------+-------+---------+---------+-------
      Total |     284 |      91 |  24.3 |      79 |       1 |   1.2
            +---------+---------+-------+---------+---------+-------
        D:1 |      33 |       0 |   0.0 |      20 |       0 |   0.0
        D:2 |      39 |       0 |   0.0 |      24 |       0 |   0.0
        D:3 |     202 |       0 |   0.0 |      30 |       0 |   0.0
        D:4 |      10 |      91 |  90.1 |       5 |       1 |  16.7
            +---------+---------+-------+---------+---------+-------

Skill      XL: |  1  2  3  4  5 |
---------------+----------------+-----
Transmutations | 3 4 |  4.6
Poison Magic   | 1 2 |  2.0
Spellcasting   | 3 |  3.3
Ice Magic      | 1 |  1.1
Fighting       | |  1.4
Dodging        | |  1.7
Unarmed Combat | |  3.0

Action                     |  1- 3 |  4- 6 || total
---------------------------+-------+-------++-------
  Melee: Unarmed           |   147 |    74 ||   221
         Tailslap          |    14 |     2 ||    16
         Kick              |    15 |     7 ||    22
         Headbutt          |    13 |     3 ||    16
         Punch             |     2 |       ||     2
   Cast: Beastly Appendage |    31 |     8 ||    39
         Spider Form       |     1 |     5 ||     6
         Wereblood         |     1 |     1 ||     2
    Use: Scroll            |     1 |     5 ||     6
   Stab: Sleeping          |       |     1 ||     1
 Armour: Skin              |    43 |    12 ||    55
  Dodge: Dodged            |   109 |    39 ||   148

Illustrated notes

Table legend:
 A = Kills in this place as a percentage of kills in the entire game.
 B = Kills by you in this place as a percentage of kills by you in the entire game.
 C = Kills by friends in this place as a percentage of kills by friends in the entire game.
 D = Other kills in this place as a percentage of other kills in the entire game.
 E = Experience gained in this place as a percentage of experience gained in the entire game.
 F = Experience gained in this place divided by the number of levels of this place that you have seen.
                   A       B       C       D       E      F
               +-------+-------+-------+-------+-------+----------------------
         Total | 100.0 | 100.0 |   N/A |   N/A | 100.0 |  75.0
       Dungeon | 100.0 | 100.0 |   N/A |   N/A | 100.0 |  93.8
               +-------+-------+-------+-------+-------+----------------------

Table legend: (Time is in decaauts)
 A = Elapsed time spent in this place.
 B = Non-inter-level travel time spent in this place.
 C = Inter-level travel time spent in this place.
 D = Time resting spent in this place.
 E = Time spent auto-exploring this place.
 F = Levels seen in this place.
 G = Mean time per level.
                   A        B        C        D        E       F      G
               +--------+--------+--------+--------+--------+-----+--------+
         Total |   2838 |   2737 |    101 |      4 |   2137 |   5 |  567.6 |
       Dungeon |   2787 |   2701 |     86 |      4 |   2109 |   4 |  696.8 |
        Temple |     50 |     35 |     15 |      0 |     28 |   1 |   50.0 |
               +--------+--------+--------+--------+--------+-----+--------+

Top non-repeatable levels by time:
     D:3: 1078 daAuts
     D:1: 971 daAuts
     D:2: 640 daAuts
     D:4: 97 daAuts
  Temple: 50 daAuts
